 Dungeon Crawl Stone Soup version 0.29-a0-72-g1732ff48e7 (webtiles) character file.

Game seed: 293705157156212589

569 grumblor the Skirmisher (level 7, -6/37 HPs)
             Began as a Vine Stalker Fighter on Feb 3, 2022.
             Killed from afar by Dowan (13 damage)
             ... with a shard of ice
             ... on level 4 of the Dungeon.
             The game lasted 00:07:30 (2535 turns).

grumblor the Skirmisher (Vine Stalker Fighter)      Turns: 2535, Time: 00:07:31

Health: -6/37      AC: 10    Str: 20    XL:     7   Next: 33%
Magic:  0/8        EV:  8    Int:  8    God:
Gold:   122        SH:  5    Dex: 14    Spells: 6/6 levels left

rFire   . . .      SeeInvis +   a - +0 war axe
rCold   . . .      Faith    .   c - +0 buckler
rNeg    . . .      Spirit   +   f - +0 chain mail
rPois   .          Reflect  .   (no helmet)
rElec   .          Harm     .   (no cloak)
rCorr   .          Rampage  .   g - +0 pair of gloves
Will    .....                   (no boots)
Stlth   ..........              (no amulet)
HPRegen 0.92/turn               b - ring of see invisible
MPRegen 0.11/turn               (no ring)

@: no status effects
A: fangs 2, regeneration 1, magic shield, antimagic bite, no potion heal 2
a: no special abilities


You were on level 4 of the Dungeon.
You visited 1 branch of the dungeon, and saw 4 of its levels.

You collected 122 gold pieces.

Inventory:

Hand Weapons
 a - a +0 war axe (weapon)
Missiles
 h - 3 boomerangs
 k - a poisoned dart (quivered)
Armour
 c - a +0 buckler (worn)
 f - a +0 chain mail (worn)
 g - a +0 pair of gloves (worn)
Jewellery
 b - a ring of see invisible (left hand)
Wands
 e - a wand of acid (13)
Scrolls
 i - 4 scrolls of holy word
 j - 2 scrolls of magic mapping
Potions
 d - a potion of curing


   Skills:
 * Level 4.2 Fighting
 + Level 3.9 Axes
 * Level 1.5 Throwing
 + Level 3.4 Armour
 * Level 2.0 Dodging
 + Level 3.3 Shields
 * Level 1.2 Evocations


You had 6 spell levels left.
You didn't know any spells.
Your spell library contained the following spells:

 Spells                   Type           Power      Damage    Failure   Level
 Magic Dart               Conj           0%         1d3       99%         1
 Searing Ray              Conj           0%         2d4       100%        2
 Call Canine Familiar     Summ           0%         N/A       100%        3
 Portal Projectile        Hex/Tloc       0%         N/A       100%        3
 Fulminant Prism          Conj/Hex       0%         3d6       100%        4
 Leda's Liquefaction      Hex/Erth       0%         N/A       100%        4


Dungeon Overview and Level Annotations

Branches:
Dungeon (4/15)
 Temple: D:4-7

Altars:

Annotations:
D:4 Dowan


Innate Abilities, Weirdness & Mutations

You have extremely sharp teeth.
Your natural rate of healing is unusually fast.
When hurt, damage is shared between your health and your magic reserves.
Your bite disrupts and absorbs the magic of your enemies.
Potions cannot restore your health.


Message History

Duvessa is moderately wounded.
Duvessa hits you but does no damage.
You barely miss Duvessa.
Duvessa is moderately wounded.
Duvessa hits you but does no damage.
Dowan, Brother of Duvessa comes into view.
He is wielding a +0 dagger and wearing a +2 robe of cold resistance.
Dowan shouts!
You hit Duvessa but do no damage.
Duvessa is heavily wounded.
Duvessa barely misses you.
You closely miss Duvessa.
Duvessa is heavily wounded.
Duvessa hits you with a +0 rapier!
You hit Duvessa. You bite Duvessa. You drain her power.
You feel invigorated.
Duvessa is severely wounded.
Dowan points at you and mumbles some strange words.
The puff of frost hits you. Duvessa hits you with a +0 rapier.
Dowan casts a spell at Duvessa.
Duvessa seems to speed up.
Unknown command.
You hit Duvessa.
You kill Duvessa!
Dowan's eyes darken. "You have made a black mistake."
Dowan seems to find hidden reserves of power!
Your Dodging skill increases to level 2!
Unknown command.
Dowan gestures at you while chanting. The shard of ice hits you!
Dowan gestures at you while chanting. The shard of ice hits you!
* * * LOW HITPOINT WARNING * * *
Dowan gestures at you while chanting. The stone arrow hits you!
* * * LOW HITPOINT WARNING * * *
Dowan mumbles some strange words.
Dowan blinks!
Okay, then.
Dowan gestures at you while chanting. The shard of ice hits you!
You die...

.......................##
........................#####
###########.................#
##..e....<.....#...
#......†)).....#
#..............##
##..............##
##..............#
#@..............#
#.#...........###
.##.........### #.
###.....### .. ##..### ..#
#### ... ...


You could see Dowan (fast).

Vanquished Creatures
  Eustachio (D:4)
  Duvessa (D:4)
  A kobold brigand (D:3)
  A howler monkey (D:4)
  A bullfrog skeleton (D:3)
  Terence (D:2)
  9 adders
  An adder skeleton (D:4)
  A worm (D:2)
  A dart slug (D:2)
  4 orcs
  10 ball pythons
  5 endoplasms
  7 goblins
  10 hobgoblins
  2 jackals (D:1)
  12 kobolds
  2 quokkas (D:2)
  3 bats
  4 frilled lizards
  2 rats
79 creatures vanquished.

Notes
Turn   | Place    | Note
-------+----------+-------------------------------------------
     0 | D:1      | grumblor the Vine Stalker Fighter began the quest for the
                  | Orb.
     0 | D:1      | Reached XP level 1. HP: 11/11 MP: 2/2
   204 | D:1      | Reached XP level 2. HP: 16/16 MP: 1/3
   318 | D:1      | Reached skill level 3 in Fighting
   716 | D:2      | Reached XP level 3. HP: 19/20 MP: 4/4
   863 | D:2      | Noticed Terence
   888 | D:2      | Killed Terence
   889 | D:2      | Gained mutation: Your natural rate of healing is unusually
                  | fast. [Vine Stalker growth]
   889 | D:2      | Reached XP level 4. HP: 6/24 MP: 2/5
   913 | D:2      | Found a faded altar of an unknown god.
   982 | D:2      | Reached skill level 1 in Dodging
  1483 | D:3      | Noticed a kobold brigand
  1493 | D:3      | Killed a kobold brigand
  1494 | D:3      | Reached XP level 5. HP: 22/29 MP: 4/6
  1645 | D:3      | Upgraded the game from 0.29-a0-43-g62a80824bf to
                  | 0.29-a0-72-g1732ff48e7
  1815 | D:3      | Reached XP level 6. HP: 25/33 MP: 4/7
  2395 | D:4      | Noticed Eustachio
  2439 | D:4      | Killed Eustachio
  2440 | D:4      | Reached skill level 4 in Fighting
  2440 | D:4      | Reached skill level 1 in Throwing
  2494 | D:4      | Reached XP level 7. HP: 37/37 MP: 8/8
  2500 | D:4      | Reached skill level 1 in Evocations
  2509 | D:4      | Noticed Duvessa
  2517 | D:4      | Noticed Dowan
  2521 | D:4      | Killed Duvessa
  2529 | D:4      | HP: 1/37 [Dowan/stone arrow (7)]
  2535 | D:4      | Killed from afar by Dowan

Illustrated notes

Levels and vault maps discovered:
D:1:      dpeg_arrival_leaves_temple_mockup, layout_rooms
D:2:      layout_rooms, nicolae_ecumenical_lake_church,
          kennysheep_generic_room_8, uniq_terence
D:3:      cheibrodos_thug_alley, layout_basic
D:4:      layout_cave_pods, minmay_temple_entry_crystal_x, uniq_natasha,
          uniq_menkaure, uniq_eustachio, uniq_duvessa

Skill      XL: |  1  2  3  4  5  6  7 |
---------------+----------------------+-----
Fighting       | 3 4 |  4.2
Axes           | 2 3 |  3.9
Shields        | 3 |  3.3
Dodging        | 1 2 |  2.0
Armour         | 3 |  3.4
Throwing       | 1 |  1.5
Evocations     | 1 |  1.2

Action                   |  1- 3 |  4- 6 |  7- 9 || total
-------------------------+-------+-------+-------++-------
Melee: War axe           |    58 |   118 |     9 ||   185
       Bite              |    14 |    29 |     1 ||    44
Throw: Dart              |       |     6 |     5 ||    11
  Use: Scroll            |     2 |     5 |       ||     7
       Potion            |     1 |       |       ||     1
Armor: Scale mail        |     6 |       |       ||     6
       Chain mail        |    30 |    70 |     2 ||   102
Dodge: Dodged            |    20 |    59 |     3 ||    82
Block: Buckler           |    16 |    29 |       ||    45

Table legend: (Time is in decaauts)
 A = Elapsed time spent in this place.
 B = Non-inter-level travel time spent in this place.
 C = Inter-level travel time spent in this place.
 D = Time resting spent in this place.
 E = Time spent auto-exploring this place.
 F = Levels seen in this place.
 G = Mean time per level.
                   A        B        C        D        E       F      G
               +--------+--------+--------+--------+--------+-----+--------+
         Total |   2612 |   2499 |    113 |     21 |   1904 |   4 |  653.0 |
       Dungeon |   2612 |   2499 |    113 |     21 |   1904 |   4 |  653.0 |
               +--------+--------+--------+--------+--------+-----+--------+

Top non-repeatable levels by time:
     D:3: 1082 daAuts
     D:1: 709 daAuts
     D:2: 698 daAuts
     D:4: 122 daAuts
